Unix NetHack Version 5.0.0-0 post-release - last build Jun 10 2026 00:39:30 (3ee93aec679c4c4259841fe613dc97188e26a321,branch:main).

Game began 2026-06-11 23:43:52, ended 2026-06-11 23:52:05.

IanCurtis, chaotic male elven Wizard

               ---------------
               |........._...|
              #..............|
              #|........@....|
             ##---------|-----
             #          #
 ---------   #          #
 |.......| ###          ###
 |.......-##              ###                  --.--
 |.......|                  #                 --.^.--
 |.......|                  #                --{..^.--
 |....%...########          #   #            |^..%.^^|
 ---------       ###################)########-..%^.%.|
                         ---|---#            |^^%.^...
                         |.....|             --.....--
                         |<....+              --.%.--
                         -------               -----

IanCurtis the Conjurer    St:9 Dx:12 Co:14 In:20 Wi:13 Ch:9  Chaotic
Dlvl:4  $:24 HP:0(35) Pw:19(55) AC:8  Xp:5 T:1591  Blind

Latest messages:
 The gnome zombie is destroyed!
 You see here a crude dagger.
 You hear some noises in the distance.
 You have a sad feeling for a moment, then it passes.
 In what direction? l
 The spell hits the dwarf zombie!
 You destroy the dwarf zombie!
 The spell misses the dwarf zombie.
 The dwarf zombie hits!
 You destroy the dwarf zombie!
 There is an amber flash as an iron skull cap hits the altar.
 A silver spellbook lands on the altar.
 There is a black flash as a brass ring hits the altar.
 A - a blessed iron skull cap.
 C - an uncursed silver spellbook.
 D - a cursed brass ring.
 What do you want to wear? [A or ?*] A
 You finish your dressing maneuver.
 What do you want to read? [i-mqtuC or ?*] ?
 This spellbook is difficult to comprehend.  Continue? [yn] (n) y
 A cloud of darkness falls upon you.
 A gnome lady suddenly appears close by!
 You are hit!
 You are hit.
 You are hit!
 You can move again.
 You feel wise!
 You must have been very observant.
 You are hit.
 You are hit!
 In what direction? j
 The spell hits the gnome lady!
 You kill the gnome lady!
 You hear something shatter!
 You try to feel what is lying here on the ground.
 You try to feel what is lying here on the ground.
 E - 2 arrows.
 F - a bow.
 Wait!  There's something there you can't see!
 It hits!
 You hit it.
 You hit it.
 It hits!
 You destroy it!
 It hits!
 In what direction? j
 The door resists!
 It hits!
 You die...
 Do you want your possessions identified? [ynq] (y) q

Inventory:
 Coins    ('$')
  $ - 24 gold pieces
 Weapons  (')')
  E - 2 +0 arrows
  F - a +0 bow
  a - a blessed +1 quarterstaff (weapon in hands)
 Armor    ('[')
  A - a blessed rustproof +0 orcish helm (being worn)
  b - a blessed +0 cloak of magic resistance (being worn)
 Comestibles  ('%')
  v - an uncursed lembas wafer
 Scrolls  ('?')
  t - an uncursed scroll of confuse monster
  q - an uncursed scroll of destroy armor
  j - a blessed scroll of identify
  u - an uncursed scroll of light
  k - an uncursed scroll of magic mapping
  i - an uncursed scroll of scare monster
 Spellbooks  ('+')
  C - an uncursed spellbook of cancellation
  l - a blessed spellbook of force bolt
  m - an uncursed spellbook of magic missile
 Potions  ('!')
  r - an uncursed potion of confusion
  g - an uncursed potion of gain energy
  f - an uncursed potion of invisibility
  x - an uncursed potion of sickness
  h - a potion of unholy water
 Rings    ('=')
  D - a cursed ring of aggravate monster
  e - an uncursed ring of free action
  d - an uncursed +1 ring of protection
  s - an uncursed ring of searching
 Wands    ('/')
  c - a wand of cancellation (0:8)
 Tools    ('(')
  o - an uncursed wooden flute
  y - an uncursed blindfold
  n - a magic marker (0:19)

IanCurtis the Wizard's attributes:

Background:
 You were a Conjurer, a level 5 male elven Wizard.
 You were chaotic, on a mission for Anhur
 who was opposed by Ptah (lawful) and Thoth (neutral).
 You were right-handed.
 You were in the Dungeons of Doom, on level 4.
 You entered the dungeon 1591 turns ago.
 It was nighttime.
 You had 234 experience points, 86 more were needed to attain level 6.

Basics:
 You had 0 out of 35 hit points.
 You had 19 out of 55 energy points (spell power).
 Your armor class was 8.
 Your wallet contained 24 zorkmids.
 Autopickup was off.

Final Characteristics:
 Your strength was 9 (limit:18).
 Your dexterity was 12 (limit:18).
 Your constitution was 14 (limit:16).
 Your intelligence was 20 (limit:20).
 Your wisdom was 13 (limit:20).
 Your charisma was 9 (limit:18).

Final Status:
 You were temporarily blind.
 You weren't hungry.
 You were unencumbered.
 You were wielding a quarterstaff.
 You had basic skill with quarterstaff.

Final Attributes:
 You were devoutly aligned.
 You were magic-protected.
 You were sleep resistant.
 You were telepathic.
 You had infravision.
 You were warded.
 You are dead.

Miscellaneous:
 You didn't encounter any bones levels.
 Total elapsed playing time was 8 minutes and 13 seconds.

Major events:
 Turn
    1: IanCurtis the chaotic male elven Wizard entered the dungeon
  847: entered the Gnomish Mines
  855: attained the rank of Conjurer (level 3)
 1591: killed by an elf zombie

Spells:
 Name                 Level Category     Fail Retention
 force bolt             1   attack         0%  91%-100%
 magic missile          2   attack         0%  91%-100%

Skills:
 Fighting Skills
   bare handed combat [Unskilled]
   riding             [Unskilled]
 Weapon Skills
   dagger             [Unskilled]
   knife              [Unskilled]
   axe                [Unskilled]
   short sword        [Unskilled]
   club               [Unskilled]
   mace               [Unskilled]
   quarterstaff       [Basic]
   polearms           [Unskilled]
   spear              [Unskilled]
   trident            [Unskilled]
   sling              [Unskilled]
   dart               [Unskilled]
   shuriken           [Unskilled]
 Spellcasting Skills
   attack spells      [Basic]
   healing spells     [Unskilled]
   divination spells  [Unskilled]
   enchantment spells [Basic]
   clerical spells    [Unskilled]
   escape spells      [Unskilled]
   matter spells      [Unskilled]

Voluntary challenges:
 Character rerolling was not enabled.
 You never genocided any monsters.
 You never polymorphed an object.
 You never changed form.
 You used no wishes.
Achievements:
 You entered the Gnomish Mines.
 You attained the rank of Conjurer.

 The Dungeons of Doom: levels 1 to 4
    Level 1:
       A sink.
    Level 2:
       A fountain.
    Level 3:
       A fountain.
       Stairs down to The Gnomish Mines.
    Level 4: <- You were here.
       An altar to Anhur, a fountain.
       Final resting place for
          you, killed by an elf zombie.
 The Gnomish Mines:
    Level 4:


Vanquished creatures:
  5 human zombies
  a gnome leader
  3 elf zombies
  a floating eye
  a kitten
  a dwarf
  2 hill orcs
  2 orc zombies
  3 dwarf zombies
 an iguana
  2 acid blobs
  a large kobold
  2 giant rats
  a red mold
  3 gnomes
  8 gnome zombies
  a gecko
  a fox
  a kobold
  a goblin
  2 grid bugs
  a lichen
  2 kobold zombies
  4 newts
50 creatures vanquished.

No species were genocided or became extinct.

Game over:
                       ----------
                      /          \
                     /    REST    \
                    /      IN      \
                   /     PEACE      \
                  /                  \
                  |    IanCurtis     |
                  |      24 Au       |
                  | killed by an elf |
                  |      zombie      |
                  |                  |
                  |                  |
                  |       2026       |
                 *|     *  *  *      | *
        _________)/\\_//(\/(/\)/\//\/|_)_______

Goodbye IanCurtis the Wizard...

You died in The Dungeons of Doom on dungeon level 4 with 1108 points,
and 24 pieces of gold, after 1591 moves.
You were level 5 with a maximum of 35 hit points when you died.

